 Dungeon Crawl Stone Soup version 0.22.1-2-g9c5b331 (webtiles) character file.

473 MalarOregon the Poker (level 7, -6/58 HPs)
             Began as a Merfolk Gladiator on Nov 28, 2018.
             Mangled by an ogre
             ... wielding a +0 giant club
              (22 damage)
             ... on level 4 of the Dungeon.
             The game lasted 00:04:08 (3123 turns).

MalarOregon the Poker (Merfolk Gladiator)           Turns: 3123, Time: 00:04:09

Health: -6/58      AC:  5    Str: 14    XL:     7   Next: 10%
Magic:  10/10      EV: 15    Int:  9    God:
Gold:   145        SH:  0    Dex: 16    Spells: 10/10 levels left

rFire    + . .     SeeInvis +   a - +0 trident
rCold    . . .     Gourm    .   (no shield)
rNeg     . . .     Faith    .   b - +0 leather armour
rPois    .         Spirit   .   c - +0 helmet
rElec    .         Reflect  .   (no cloak)
rCorr    .         Harm     .   (no gloves)
MR       .....                  p - +0 pair of boots
Stlth    ++........             (no amulet)
HPRegen  0.19/turn              z - ring of see invisible
MPRegen  0.12/turn              h - ring of stealth

@: no status effects
A: change form in water, swift swim, stealthy swim, fire resistance 1, sense
surroundings 1, robust 1, MP-powered wands
a: no special abilities


You were on level 4 of the Dungeon.
You were not hungry.

You visited 1 branch of the dungeon, and saw 4 of its levels.

You collected 145 gold pieces.

Inventory:

Hand Weapons
 a - a +0 trident (weapon)
Missiles
 d - 3 throwing nets (quivered) {!f}
Armour
 b - a +0 leather armour (worn)
 c - a +0 helmet (worn)
 p - a +0 pair of boots (worn)
   (You found it on level 3 of the Dungeon)
Jewellery
 h - a ring of stealth (right hand)
   (You found it on level 3 of the Dungeon)
 z - a ring of see invisible (left hand)
   (You found it on level 2 of the Dungeon)
Wands
 u - a wand of paralysis (22)
   (You found it on level 3 of the Dungeon)
Scrolls
 f - 3 scrolls of identify {@r1}
 k - a scroll of fog
Potions
 g - a potion of might {unknown}
 i - a potion of agility {unknown}
Comestibles
 e - 2 rations {!d}


   Skills:
 + Level 3.8 Fighting
 * Level 7.4 Polearms
 - Level 2.0 Throwing
 + Level 1.9 Armour
 + Level 5.5 Dodging
 + Level 2.3 Spellcasting


You had 10 spell levels left.
You didn't know any spells.
Your spell library was empty.

Dungeon Overview and Level Annotations

Branches:
Dungeon (4/15)
 Temple: D:4-7

Altars:
Trog
Vehumet
Wu Jian


Innate Abilities, Weirdness & Mutations

You revert to your normal form in water.
You are very nimble and swift while swimming.
You are very stealthy in the water. (Stealth+)
Your flesh is heat resistant. (rF+)
You passively map a small area around you.
You are robust. (+10% HP)
You expend magic power (3 MP) to strengthen your wands.


Message History

Attack whom?
Aim: Sigmund, wielding a scythe and wearing a robe (moderately wounded)
You reach to attack!
You closely miss Sigmund. Sigmund barely misses you.
Attack whom?
Aim: Sigmund, wielding a scythe and wearing a robe (moderately wounded)
You reach to attack!
You puncture Sigmund!
Attack whom?
Aim: Sigmund, wielding a scythe and wearing a robe (heavily wounded)
You reach to attack!
You hit Sigmund. Sigmund closely misses you.
Attack whom?
Aim: Sigmund, wielding a scythe and wearing a robe (heavily wounded)
You reach to attack!
You puncture Sigmund!
Sigmund laughs darkly.
Sigmund barely misses you.
Attack whom?
Aim: Sigmund, wielding a scythe and wearing a robe (almost dead)
You reach to attack!
You barely miss Sigmund.
Attack whom?
Aim: Sigmund, wielding a scythe and wearing a robe (almost dead)
You reach to attack!
You hit Sigmund but do no damage. Sigmund misses you.
Attack whom?
Aim: Sigmund, wielding a scythe and wearing a robe (almost dead)
You reach to attack!
You puncture Sigmund!
You kill Sigmund!
Your Polearms skill increases to level 7!
You have reached level 7!
Things that are here:
a scythe; a robe
g - a white potion You now have 145 gold pieces (gained 9).
As you open the door, it creaks loudly!
You hear a shout!
There is an open door here.
You open the door.
Found a rapier.
Found 5 needles of paralysis.
There is an open door here.
There is an open door here.
There is an open door here.
An ogre comes into view. It is wielding a giant club.
An ogre is nearby!
Attack whom?
Aim: an ogre, wielding a giant club You reach to attack!
You puncture the ogre! You puncture the ogre!
The ogre hits you with a giant club!!
You barely miss the ogre. The ogre hits you with a giant club!!
* * * LOW HITPOINT WARNING * * *
You hit the ogre but do no damage. You barely miss the ogre.
The ogre hits you but does no damage.
You hit the ogre but do no damage. The ogre hits you with a giant club!!
You die...

* * * #....##### *
#........#
#........###* ,
+........'. , ,, ,
*#........#
#........#########* ,
+.....O..##(.....# *
*#....@# **#......#
#.....### #......#, *
* #.......###...)..#
..'.......'.'......+,
#.#.......###......#,
. #.......#
#......#,, #.......#
#......# * +.......#
########
#.......#####** ,


You could see an ogre.

Vanquished Creatures
  Sigmund (D:4)
  A centaur (D:3)
  2 hounds (D:4)
  Terence (D:3)
  Robin (D:4)
  3 adders
  An ooze (D:2)
  2 worms (D:3)
  2 dart slugs
  8 orcs (D:3)
  2 giant cockroaches
  10 hobgoblins
  6 jackals
  3 quokkas (D:3)
  4 bats
  2 frilled lizards
  13 goblins
  10 kobolds
  6 rats
78 creatures vanquished.

Notes
Turn   | Place    | Note
-------+----------+-------------------------------------------
     0 | D:1      | MalarOregon the Merfolk Gladiator began the quest for the
                  | Orb.
     0 | D:1      | Reached XP level 1. HP: 16/16 MP: 1/1
   128 | D:1      | Reached XP level 2. HP: 19/23 MP: 2/2
   719 | D:2      | Found a radiant altar of Vehumet.
   868 | D:2      | Reached skill level 5 in Polearms
   993 | D:2      | Reached XP level 3. HP: 26/28 MP: 3/3
  1135 | D:2      | Found an ornate altar of the Wu Jian Council.
  1377 | D:3      | Noticed Terence
  1379 | D:3      | Noticed a centaur
  1399 | D:3      | Gained mutation: You expend magic power (3 MP) to
                  | strengthen your wands. [potion of mutation]
  1399 | D:3      | Gained mutation: You passively map a small area around you.
                  | [potion of mutation]
  1399 | D:3      | Gained mutation: Your flesh is heat resistant. (rF+)
                  | [potion of mutation]
  1399 | D:3      | Gained mutation: You are robust. (+10% HP) [potion of
                  | mutation]
  1405 | D:3      | Killed Terence
  1405 | D:3      | Reached skill level 1 in Spellcasting
  1405 | D:3      | Reached XP level 4. HP: 36/37 MP: 5/5
  1412 | D:3      | Killed a centaur
  1412 | D:3      | Reached skill level 6 in Polearms
  1412 | D:3      | Reached skill level 1 in Armour
  1412 | D:3      | Reached XP level 5. HP: 45/45 MP: 5/7
  2187 | D:3      | Found a bloodstained altar of Trog.
  2337 | D:4      | Noticed Robin
  2348 | D:4      | Noticed Sigmund
  2361 | D:3      | Reached skill level 5 in Dodging
  2641 | D:3      | Reached XP level 6. HP: 41/51 MP: 8/8
  2839 | D:4      | Found a bloodstained altar of Trog.
  2925 | D:4      | Killed Robin
  3075 | D:4      | Killed Sigmund
  3075 | D:4      | Reached skill level 7 in Polearms
  3075 | D:4      | Reached XP level 7. HP: 58/58 MP: 10/10
  3123 | D:4      | Mangled by an ogre

Skill      XL: |  1  2  3  4  5  6 |
---------------+-------------------+-----
Polearms       | 5 6 7 |  7.4
Spellcasting   | 1 2 |  2.3
Fighting       | 3 |  3.8
Armour         | 1 |  1.9
Dodging        | 5 |  5.5
Throwing       | |  2.0

Action                   |  1- 3 |  4- 6 |  7- 9 || total
-------------------------+-------+-------+-------++-------
Melee: Trident           |   109 |   183 |     6 ||   298
  Use: Potion            |     5 |       |       ||     5
       Scroll            |       |     5 |       ||     5
 Stab: Sleeping          |     3 |     4 |       ||     7
       Distracted        |     1 |       |       ||     1
  Eat: Chunk             |     2 |     5 |       ||     7
Armor: Leather armour    |    17 |    51 |     1 ||    69
       Skin              |     5 |     8 |       ||    13
Dodge: Dodged            |    50 |   137 |       ||   187
